[Event "European Rapid Championship 2021"]
[Site "Katowice"]
[Date "2021.12.18"]
[Round "5.9"]
[White "Rudecki, Bartosz"]
[Black "Janik, Igor"]
[Result "0-1"]
[ECO "B12"]
[WhiteElo "1820"]
[BlackElo "2462"]
[Annotator "ChessBase"]
[PlyCount "50"]
[EventDate "2021.12.18"]
[EventType "swiss"]
[EventCountry "POL"]
[SourceTitle "playchess.com"]
[Source "ChessBase"]
[SourceQuality "1"]
[TimeControl "900+10"]

1. e4 c6 2. d4 d5 3. f3 g6 4. Be3 Bg7 5. Nc3 e6 6. Qd2 b5 7. e5 a5 8. Bxb5 cxb5 9. Nxb5 Ne7 10. Nd6+ Kf8 11. Bg5 Qc7 12. Qf4 Nf5 13. g4 Nxd6 14. exd6 Qd7 15. Nh3 h6 16. Be7+ Kg8 17. c4 Nc6 18. cxd5 Nxe7 19. dxe7 Qxe7 20. d6 Qf6 21. Rc1 Qxf4 22. Nxf4 Bxd4 23. Rc6 Kg7 24. Kd2 Rd8 25. Rhc1 Bxb2 0-1

[Event "European Rapid Championship 2021"]
[Site "Katowice"]
[Date "2021.12.18"]
[Round "5.10"]
[White "Gumularz, Szymon"]
[Black "Koziorowicz, Michal"]
[Result "1/2-1/2"]
[ECO "B52"]
[WhiteElo "2452"]
[BlackElo "2041"]
[Annotator "ChessBase"]
[PlyCount "64"]
[EventDate "2021.12.18"]
[EventType "swiss"]
[EventCountry "POL"]
[SourceTitle "playchess.com"]
[Source "ChessBase"]
[SourceQuality "1"]
[TimeControl "900+10"]

1. e4 c5 2. Nf3 d6 3. Bb5+ Bd7 4. Bxd7+ Qxd7 5. c4 e5 6. Nc3 g6 7. a3 Bg7 8. b4 Nc6 9. Rb1 Nge7 10. d3 O-O 11. O-O b6 12. Nd5 Nxd5 13.
cxd5 Nd4 14. Nxd4 exd4 15. bxc5 bxc5 16. Bd2 f5 17. f3 fxe4 18. fxe4 Rxf1+ 19. Kxf1 Re8 20. Kg1 c4 21. dxc4 Rxe4 22. Qf3 Re8 23. Qd3 Rc8 24. Bf4 Be5 25. Bxe5 dxe5 26. Rf1 Qe7 27. h3 a5 28. a4 Qc5 29. Qe4 Re8 30. Qf3 Rf8 31. Qxf8+ Qxf8 32. Rxf8+ Kxf8 1/2-1/2

[Event "European Rapid Championship 2021"]
[Site "Katowice"]
[Date "2021.12.18"]
[Round "5.10"]
[White "Redzisz, Michal"]
[Black "Szwed, Jacek"]
[Result "1/2-1/2"]
[ECO "B27"]
[WhiteElo "2257"]
[BlackElo "2372"]
[Annotator "NA"]
[PlyCount "77"]
[EventDate "2021.12.18"]
[EventType "swiss"]
[EventCountry "POL"]
[SourceTitle "playchess.com"]
[Source "ChessBase"]
[SourceQuality "1"]
[TimeControl "900+10"]

1. Nf3 c5 2. e4 b6 3. g3 Bb7 4. d3 g6 5. Bg2 Bg7 6. O-O d6 7. c3 Nf6 8. Nbd2 O-O 9. Re1 Nc6 10.
a4 Nd7 11. h4 Nde5 12. Nxe5 dxe5 13. Nc4 h5 14. Be3 Ba6 15. Qc2 Qd7 16. Rad1 Qe6 17. b3 Kh7 18. Kh2 Bh6 19. Bh3 Qf6 20. Qd2 Bxe3 21. fxe3 Bxc4 22. bxc4 Rad8 23. Qe2 e6 24. Rf1 Qe7 25. Rf3 f5 26. exf5 exf5 27. e4 f4 28. Rdf1 Rd6 29. Qf2 fxg3+ 30. Kxg3 Rxf3+ 31.
Qxf3 Kg7 32. Qe3 Rf6 33. Rxf6 Qxf6 34. Bd7 Nd8 35. a5 bxa5 36. Qxc5 Qf4+ 37. Kh3 Qf3+ 38. Kh2 Qe2+ 39. Kg1 1/2-1/2

[Event "European Rapid Championship 2021"]
[Site "Katowice"]
[Date "2021.12.18"]
[Round "5.11"]
[White "Kuegel, Tobias"]
[Black "Luberanski, Jakub"]
[Result "0-1"]
[ECO "B10"]
[WhiteElo "2242"]
[BlackElo "2199"]
[Annotator "NA"]
[PlyCount "172"]
[EventDate "2021.12.18"]
[EventType "swiss"]
[EventCountry "POL"]
[SourceTitle "playchess.com"]
[Source "ChessBase"]
[SourceQuality "1"]
[TimeControl "900+10"]

1. e4 c6 2. Nc3 d5 3. Nf3 dxe4 4. Nxe4 Nf6 5. Qe2 Nxe4 6. Qxe4 Be6 7. b3 Nd7 8. Bb2 Nf6 9. Qe3 Bf5 10. Nh4 Bd7 11. Bc4 e6 12. Nf5 Qa5 13.
Ng3 O-O-O 14. Qc3 Bb4 15. Qe3 Nd5 16. Bxd5 exd5 17. a3 Rhe8 18. axb4 Rxe3+ 19. fxe3 Qxb4 20. Rxa7 Be6 21. Bxg7 c5 22. Bf6 Rd6 23. Ra4 Qb5 24. Ra8+ Kd7 25. Kf2 Ra6 26. Rd8+ Kc7 27. Rh8 Ra2 28. Rc1 Kc6 29. Ne2 Qa5 30. Bc3 Qc7 31. Rxh7 Bf5 32. Rh6+ Kd7 33. Rf6 Bg6 34. Nf4 Ke8 35. Nxg6 fxg6 36. g3 Qh7 37. Kg2 g5 38. Rcf1 Qe4+ 39. Kg1 Rxc2 40. Rf8+ Kd7 41. R1f7+ Kc6 42. Rf6+ Kb5 43. Ra8 Rxc3 44. dxc3 Qxe3+ 45. Rf2 Qxc3 46. Rg8 Qe1+ 47. Kg2 Qe4+ 48. Kg1 g4 49. Rf4 Qe1+ 50. Kg2 Qe2+ 51. Kg1 d4 52. Rd8 Qe1+ 53. Kg2 Qe2+ 54. Rf2 Qe4+ 55. Kg1 Qb1+ 56. Kg2 Qxb3 57. h4 gxh3+ 58. Kxh3 d3 59. g4 d2+ 60. Kg2 d1=Q 61. Rxd1 Qxd1 62. Kg3 Qd6+ 63. Kh4 Qh6+ 64. Kg3 c4 65. Rb2+ Kc6 66. Ra2 Qe3+ 67. Kh4 Qh6+ 68. Kg3 c3 69. Ra8 Qd6+ 70. Kh4 Qh2+ 71. Kg5 Qd2+ 72. Kf6 c2 73. Rc8+ Kb6 74. g5 c1=Q 75. Rxc1 Qxc1 76. g6 Qf4+ 77. Kg7 Kc5 78. Kh8 Qh6+ 79. Kg8 Qxg6+ 80. Kh8 Qf6+ 81. Kh7 Qf1 82. Kg6 Kd6 83. Kh7 Qg1 84. Kh8 Ke7 85. Kh7 Kf7 86. Kh8 Qg7# 0-1

[Event "European Rapid Championship 2021"]
[Site "Katowice"]
[Date "2021.12.18"]
[Round "5.12"]
[White "Andersen, Mads"]
[Black "Mis, Mieszko"]
[Result "1/2-1/2"]
[ECO "D45"]
[WhiteElo "2574"]
[BlackElo "2237"]
[Annotator "ChessBase"]
[PlyCount "82"]
[EventDate "2021.12.18"]
[EventType "swiss"]
[EventCountry "POL"]
[SourceTitle "playchess.com"]
[Source "ChessBase"]
[SourceQuality "1"]
[TimeControl "900+10"]

1. d4 Nf6 2. c4 c6 3. Nf3 d5 4. e3 e6 5. Nc3 a6 6. b3 c5 7. Bb2 cxd4 8. Nxd4 dxc4 9. Bxc4 b5 10. Be2 Ra7 11. O-O Rc7 12. Rc1 Be7 13. a4 b4 14. Nb1 Bc5 15.
Nf3 Nbd7 16. Nbd2 O-O 17. Nc4 Bb7 18. Qd3 Be4 19. Qd2 Qa8 20.
Rfd1 Bd5 21. Qe1 Rfc8 22. Qf1 Bf8 23. Nd4 Qb8 24. f3 Bc5 25.
Kh1 Ba8 26. e4 Bf8 27. Qf2 Rc5 28. Qe3 Rh5 29. f4 Rh6 30. Bf3 Nc5 31. e5 Nd5 32. Qd2 Be7 33. Kg1 Rd8 34. Na5 Qb6 35. Nc4 Qa7 36. Kh1 Qb8 37. Na5 Qb6 38. Nc4 Qb8 39. Na5 Qb6 40. Nc4 Qb8 41. Na5 Qb6 1/2-1/2

[Event "European Rapid Championship 2021"]
[Site "Katowice"]
[Date "2021.12.18"]
[Round "5.12"]
[White "Fus, Jakub"]
[Black "Lukasiewicz, Krzysztof"]
[Result "0-1"]
[ECO "E03"]
[WhiteElo "2252"]
[BlackElo "2251"]
[Annotator "NA"]
[PlyCount "83"]
[EventDate "2021.12.18"]
[EventType "swiss"]
[EventCountry "POL"]
[SourceTitle "playchess.com"]
[Source "ChessBase"]
[SourceQuality "1"]
[TimeControl "900+10"]

1. d4 Nf6 2. c4 e6 3. g3 d5 4. Bg2 dxc4 5. Qa4+ Nbd7 6. Qxc4 a6 7. Qc2 c5 8. dxc5 Bxc5 9. Nf3 O-O 10. O-O Qe7 11. Nc3 Rb8 12. e4 e5 13.
Bg5 Qe6 14. Rad1 h6 15. Bc1 b5 16. Nd5 Nxd5 17. exd5 Qd6 18. Nd2 f5 19. Nb3 Bb6 20. Qc6 Qe7 21. d6 Qe8 22. Qd5+ Kh8 23.
Be3 f4 24. Bxb6 Nxb6 25. Qc5 Bg4 26. f3 Nd7 27. Qc6 Be6 28.
Qxa6 Qg6 29. Nd2 fxg3 30. hxg3 Qxg3 31. Ne4 Qf4 32. a3 Rfc8 33. Qa5 b4 34. axb4 Bc4 35. Qa7 Bxf1 36. Rxf1 Nf6 37. Re1 Nxe4 38. fxe4 Rd8 39. Rd1 Rxb4 40. d7 Rxb2 41. Rf1 Qg3 42. Rf2 0-1

[Event "European Rapid Championship 2021"]
[Site "Katowice"]
[Date "2021.12.18"]
[Round "5.13"]
[White "Pultinevicius, Paulius"]
[Black "Godzwon, Iwo"]
[Result "0-1"]
[ECO "E16"]
[WhiteElo "2536"]
[BlackElo "2352"]
[Annotator "ChessBase"]
[PlyCount "74"]
[EventDate "2021.12.18"]
[EventType "swiss"]
[EventCountry "POL"]
[SourceTitle "playchess.com"]
[Source "ChessBase"]
[SourceQuality "1"]
[TimeControl "900+10"]

1. d4 Nf6 2. c4 e6 3. Nf3 Bb4+ 4. Bd2 Qe7 5. Nc3 Nc6 6. g3 Bxc3 7. Bxc3 Ne4 8. Qc2 Nxc3 9. Qxc3 Qb4 10. Rc1 Qxc3+ 11. Rxc3 d6 12. Bg2 a5 13. O-O Bd7 14. e4 e5 15. d5 Nb8 16. c5 Na6 17. cxd6 cxd6 18. Rfc1 Ke7 19. Nd2 b5 20. a3 b4 21. R3c2 Nc5 22. Bf1 Rhc8 23.
axb4 axb4 24. b3 Ra3 25. Bc4 Rca8 26. f3 f5 27. Kf2 fxe4 28.
fxe4 Ra2 29. Rxa2 Rxa2 30. Ke3 Be8 31. Be2 Rxd2 32. Kxd2 Nxb3+ 33. Kc2 Nxc1 34. Kxc1 Kd8 35. Kb2 Ba4 36. Bc4 Kc7 37. Bb3 Bb5 0-1

[Event "European Rapid Championship 2021"]
[Site "Katowice"]
[Date "2021.12.18"]
[Round "5.13"]
[White "Zakrzewski, Marek"]
[Black "Krzywda, Andrzej"]
[Result "1/2-1/2"]
[ECO "B31"]
[WhiteElo "2239"]
[BlackElo "2123"]
[Annotator "NA"]
[PlyCount "70"]
[EventDate "2021.12.18"]
[EventType "swiss"]
[EventCountry "POL"]
[SourceTitle "playchess.com"]
[Source "ChessBase"]
[SourceQuality "1"]
[TimeControl "900+10"]

1. e4 c5 2. Nf3 Nc6 3. Bb5 g6 4. O-O Bg7 5. c3 Nf6 6. Re1 O-O 7. d4 d5 8. e5 Ne4 9. Bxc6 bxc6 10. Be3 cxd4 11. cxd4 Qb6 12. Qc1 a5 13. Nc3 Nxc3 14. Qxc3 Bf5 15. Rec1 Rfb8 16. b3 a4 17. Nd2 axb3 18. axb3 f6 19. f4 Rxa1 20. Rxa1 Qb5 21. h3 Qe2 22. Bf2 fxe5 23. fxe5 Bh6 24. Nf3 Be4 25. Re1 Qc2 26. Qxc2 Bxc2 27. Be3 Bxe3+ 28. Rxe3 Bxb3 29. Rc3 Bc4 30. Ra3 Rb1+ 31. Kh2 Rb2 32. Kg1 Rb1+ 33. Kh2 Rb2 34. Kg1 Rb1+ 35. Kh2 Rb2 1/2-1/2

[Event "European Rapid Championship 2021"]
[Site "Katowice"]
[Date "2021.12.18"]
[Round "5.14"]
[White "Durarbayli, Vasif"]
[Black "Janaszak, Dawid"]
[Result "1/2-1/2"]
[ECO "B20"]
[WhiteElo "2532"]
[BlackElo "2328"]
[Annotator "ChessBase"]
[PlyCount "148"]
[EventDate "2021.12.18"]
[EventType "swiss"]
[EventCountry "POL"]
[SourceTitle "playchess.com"]
[Source "ChessBase"]
[SourceQuality "1"]
[TimeControl "900+10"]

1. e4 c5 2. b3 g6 3. Bb2 Nf6 4. e5 Nd5 5. Nc3 Nxc3 6. dxc3 Bg7 7. f4 O-O 8. Qd2 d5 9. exd6 exd6 10. O-O-O Qa5 11. a3 Nc6 12. Nf3 d5 13. Qxd5 Rd8 14. Qe4 Rxd1+ 15. Kxd1 Bf5 16. Qe3 Rd8+ 17. Kc1 Kf8 18. Be2 Re8 19. Qd2 Rd8 20. Qe1 b5 21. Nh4 Be6 22. Bf3 Ne7 23.
Qe3 c4 24. b4 Qc7 25. g3 Nd5 26. Bxd5 Rxd5 27. Nf3 Qb7 28. Re1 Bf6 29. Nd4 Bg4 30. Qe8+ Kg7 31. Kb1 a6 32. Qe3 Rd7 33. Qf2 Qd5 34. Qf1 Re7 35. Rxe7 Bxe7 36. Bc1 Qe4 37. Qf2 Bf6 38. Be3 h5 39. Kb2 Kg8 40. Qd2 Kg7 41. Bf2 Kf8 42. h4 Kg8 43. Be3 Kf8 44. Qf2 Kg8 45.
Kc1 Qh1+ 46. Kb2 Qe4 47. Qg1 Kf8 48. Qe1 Kg7 49. Kc1 Kg8 50.
Kb1 Kg7 51. Kb2 Kg8 52. Qc1 Kh7 53. Bg1 Kg8 54. Qf1 Kg7 55.
Bf2 Kg8 56. a4 Bxd4 57. Bxd4 Bf5 58. Qd1 bxa4 59. Bf6 Kh7 60. Qd2 a3+ 61. Kxa3 Qxc2 62. Qxc2 Bxc2 63. Kb2 Bf5 64. Kc1 Kg8 65. Kd2 Bd7 66. Ke3 Kf8 67. Kd4 Bb5 68. Ke5 Kg8 69. f5 gxf5 70. Kxf5 Bd7+ 71. Kg5 Bg4 72. Be5 Kf8 73. Kf6 Ke8 74. Bd6 Be6 1/2-1/2

[Event "European Rapid Championship 2021"]
[Site "Katowice"]
[Date "2021.12.18"]
[Round "5.14"]
[White "Molenda, Marcin"]
[Black "Czernek, Tymon"]
[Result "0-1"]
[ECO "E92"]
[WhiteElo "2365"]
[BlackElo "2197"]
[Annotator "ChessBase"]
[PlyCount "154"]
[EventDate "2021.12.18"]
[EventType "swiss"]
[EventCountry "POL"]
[SourceTitle "playchess.com"]
[Source "ChessBase"]
[SourceQuality "1"]
[TimeControl "900+10"]

1. Nf3 Nf6 2. d4 g6 3. c4 Bg7 4. Nc3 O-O 5. e4 d6 6. Be2 e5 7. Be3 Nc6 8. d5 Ne7 9. Nd2 Ne8 10. Qc2 f5 11. f3 Nf6 12. O-O-O fxe4 13. fxe4 Ng4 14. Bxg4 Bxg4 15. Rde1 c6 16. h3 cxd5 17. hxg4 d4 18.
Bg5 dxc3 19. Qxc3 Rf7 20. Qh3 Bf8 21. Ref1 Qe8 22. Rf6 Rd8 23. Kb1 Rd7 24. Nf1 Kh8 25. Ne3 Ng8 26. Nd5 Nxf6 27. Bxf6+ Kg8 28. g5 b6 29. b3 Rb7 30. a4 a6 31. Qe3 b5 32. cxb5 axb5 33.
a5 b4 34. a6 Ra7 35. Qb6 Qa8 36. Qd8 Rxa6 37. Qxa8 Rxa8 38. Rc1 Rfa7 39. Rc6 Ra1+ 40. Kc2 R1a2+ 41. Kb1 Rxg2 42. Nxb4 Rb8 43. Rc4 d5 44. Nxd5 Rxb3+ 45. Ka1 Rd3 46. Rc1 Bd6 47. Rf1 Rgd2 48. Kb1 Rd1+ 49. Rxd1 Rxd1+ 50. Kc2 Rd4 51. Bd8 Kg7 52. Nf6 Bf8 53. Bc7 Rc4+ 54. Kd3 Rxc7 55. Ne8+ Kf7 56. Nxc7 Be7 57. Ke3 Bxg5+ 58. Kf3 h5 59. Nb5 Be7 60. Nc3 g5 61. Nd5 Bd8 62. Ne3 Kg6 63. Nc4 Bf6 64. Nd6 Be7 65. Nc4 Kf6 66. Kg3 Bb4 67. Ne3 Be1+ 68. Kg2 g4 69. Nf5 Kg5 70. Ng7 h4 71. Ne6+ Kf6 72. Nc5 h3+ 73. Kh2 Kg5 74. Ne6+ Kh4 75. Ng7 g3+ 76. Kh1 Kg4 77. Nf5 Kf3 0-1

[Event "European Rapid Championship 2021"]
[Site "Katowice"]
[Date "2021.12.18"]
[Round "5.15"]
[White "Tazbir, Marcin"]
[Black "Danielyan, Vahe"]
[Result "1-0"]
[ECO "A15"]
[WhiteElo "2514"]
[BlackElo "2198"]
[Annotator "ChessBase"]
[PlyCount "77"]
[EventDate "2021.12.18"]
[EventType "swiss"]
[EventCountry "POL"]
[SourceTitle "playchess.com"]
[Source "ChessBase"]
[SourceQuality "1"]
[TimeControl "900+10"]

1. c4 Nf6 2. g3 g6 3. Bg2 Bg7 4. Nc3 c5 5. e3 h5 6. h3 Nc6 7. Nge2 d5 8. cxd5 Nb4 9. d4 Nfxd5 10. Nxd5 Nxd5 11. dxc5 Qa5+ 12. Qd2 Nb4 13. O-O Qxc5 14. a3 Nc6 15. b4 Qd6 16. Qxd6 exd6 17. Ra2 Be6 18. Rd2 Rd8 19. Bb2 Ne5 20. f4 Nc4 21. Bxg7 Nxd2 22. Bxh8 Nxf1 23. Kxf1 Rc8 24. Nc3 Ke7 25. Bd4 b6 26. Ke1 f5 27. h4 Kd7 28. Kd2 Bb3 29. e4 Be6 30. Nb5 a5 31. Bc3 axb4 32. Bxb4 Rc4 33. Bf1 Rc6 34. Nd4 Rc8 35. Bb5+ Ke7 36. e5 Kf7 37. exd6 Bd5 38. d7 Ra8 39. Bc6 1-0

[Event "European Rapid Championship 2021"]
[Site "Katowice"]
[Date "2021.12.18"]
[Round "5.15"]
[White "Kulon, Klaudia"]
[Black "Grzesik, Gracjan"]
[Result "0-1"]
[ECO "A45"]
[WhiteElo "2328"]
[BlackElo "1992"]
[Annotator "NA"]
[PlyCount "92"]
[EventDate "2021.12.18"]
[EventType "swiss"]
[EventCountry "POL"]
[SourceTitle "playchess.com"]
[Source "ChessBase"]
[SourceQuality "1"]
[TimeControl "900+10"]

1. d4 Nf6 2. Bg5 d5 3. Bxf6 exf6 4. e3 Bd6 5. Nd2 c6 6. Bd3 f5 7. c3 O-O 8. Qf3 Qf6 9. h4 Be6 10. Ne2 Nd7 11. O-O-O a5 12. Kb1 g6 13. h5 Qg5 14. g3 Nf6 15. Nf4 Ne4 16. hxg6 hxg6 17. Nf1 Kg7 18. Qg2 Rh8 19. f3 Rxh1 20. fxe4 Rah8 21. e5 Be7 22. Kc2 Qh6 23. g4 Bg5 24. gxf5 Bxf5 25. Bxf5 Bxf4 26. Bd3 Bxe3 27. e6 Qg5 28. Qf3 Qf4 29. Be2 fxe6 30. Nxe3 Qxf3 31. Bxf3 R1h3 32. Rf1 Rf8 33. Ng4 Rhxf3 34. Re1 Rg3 35. Ne5 Rg2+ 36. Kb3 Rff2 37. Rb1 g5 38. a4 g4 39. Nd3 Rd2 40. Nf4 Rgf2 41. Nxe6+ Kf6 42. Nc5 g3 43. c4 Rxb2+ 44. Rxb2 Rxb2+ 45. Kxb2 g2 46. Nd7+ Ke7 0-1

[Event "European Rapid Championship 2021"]
[Site "Katowice"]
[Date "2021.12.18"]
[Round "5.16"]
[White "Sanz Wawer, Daniel"]
[Black "Schneider, Ilja"]
[Result "0-1"]
[ECO "C42"]
[WhiteElo "2371"]
[BlackElo "2490"]
[Annotator "ChessBase"]
[PlyCount "72"]
[EventDate "2021.12.18"]
[EventType "swiss"]
[EventCountry "POL"]
[SourceTitle "playchess.com"]
[Source "ChessBase"]
[SourceQuality "1"]
[TimeControl "900+10"]

1. e4 e5 2. Nf3 Nf6 3. Nxe5 d6 4. Nf3 Nxe4 5. Nc3 Nxc3 6.
dxc3 Be7 7. Bf4 O-O 8. Qd2 Nd7 9. O-O-O Nc5 10. Kb1 Re8 11.
Bc4 Be6 12. Bxe6 Nxe6 13. Bg3 Qd7 14. Rhe1 Bf6 15. Nd4 Nxd4 16. cxd4 h5 17. Qf4 Rxe1 18. Rxe1 Re8 19. Rxe8+ Qxe8 20. a3 Qe1+ 21. Ka2 Qe6+ 22. Kb1 g5 23. Qf3 h4 24. d5 Qe7 25. Bxh4 Qe5 26. Qb3 gxh4 27. Qxb7 Qxh2 28. Qc8+ Kg7 29. Qg4+ Kh6 30. c3 Qg1+ 31. Ka2 Qxf2 32. Kb3 Qb6+ 33. Ka2 Qf2 34. Kb3 Bg5 35. Qe4 Bc1 36. Qb1 Qxb2+ 0-1

[Event "European Rapid Championship 2021"]
[Site "Katowice"]
[Date "2021.12.18"]
[Round "5.16"]
[White "Sharankov, Grigory"]
[Black "Vidruska, Renate"]
[Result "1-0"]
[ECO "A05"]
[WhiteElo "2220"]
[BlackElo "1993"]
[Annotator "NA"]
[PlyCount "91"]
[EventDate "2021.12.18"]
[EventType "swiss"]
[EventCountry "POL"]
[SourceTitle "playchess.com"]
[Source "ChessBase"]
[SourceQuality "1"]
[TimeControl "900+10"]

1. Nf3 Nf6 2. c4 e6 3. e3 d5 4. Qc2 Be7 5. b3 O-O 6. Bb2 c5 7. d3 Nc6 8. a3 Bd7 9. Nbd2 dxc4 10. dxc4 Qc7 11. Bd3 h6 12. Rg1 Ng4 13. h3 Nge5 14. Bh7+ Kh8 15. Be4 f5 16. Nxe5 Nxe5 17. Bxb7 Rab8 18. Bf3 Bf6 19. Be2 Bc6 20. Rd1 a5 21. f4 Nd7 22. Bxf6 Nxf6 23. g4 a4 24. bxa4 Qa5 25. Rc1 Bxa4 26. Qc3 Qxc3 27. Rxc3 Rb2 28. Rd3 e5 29. fxe5 Ne4 30. gxf5 Nxd2 31. Rxd2 Rb1+ 32. Bd1 Rxf5 33. Ke2 Rxe5 34. Rd8+ Kh7 35. Rd5 Bxd1+ 36.
Rgxd1 Rb2+ 37. R1d2 Rxd5 38. cxd5 Rb7 39. Kd3 Ra7 40. d6 Kg8 41. Kc4 Rd7 42. Kxc5 Kf7 43. Kd5 Ke8 44. Ke6 Ra7 45. Rb2 Kd8 46. Rb8# 1-0

[Event "European Rapid Championship 2021"]
[Site "Katowice"]
[Date "2021.12.18"]
[Round "5.17"]
[White "Piesik, Piotr"]
[Black "Pacuszka, Tomasz"]
[Result "1-0"]
[ECO "A06"]
[WhiteElo "2342"]
[BlackElo "2193"]
[Annotator "NA"]
[PlyCount "89"]
[EventDate "2021.12.18"]
[EventType "swiss"]
[EventCountry "POL"]
[SourceTitle "playchess.com"]
[Source "ChessBase"]
[SourceQuality "1"]
[TimeControl "900+10"]

1. Nf3 d5 2. g3 Nf6 3. Bg2 c6 4. O-O Bf5 5. d3 e6 6. Nbd2 Be7 7. Qe1 h6 8. e4 Bh7 9. Qe2 Na6 10. Ne1 Qb6 11. Kh1 Nc5 12. e5 Nfd7 13.
f4 O-O-O 14. Nb3 Qa6 15. Nd4 Rde8 16. b4 Na4 17. Bd2 Qb6 18.
Nef3 a6 19. Rab1 Qc7 20. Rbc1 Kb8 21. c4 dxc4 22. dxc4 c5 23.
Nc2 Ndb6 24. b5 axb5 25. cxb5 Nb2 26. Nfe1 c4 27. Ba5 Nd3 28. Rd1 Bc5 29. Ne3 Rd8 30. N1c2 Nb2 31. Rxd8+ Rxd8 32. f5 Qxe5 33. Qf3 Qc7 34. g4 h5 35. g5 exf5 36. Nd5 Rxd5 37. Bxb6 Qxb6 38. Qxd5 f4 39. Rxf4 Nd3 40. Rxc4 Bd6 41. Rd4 Nf2+ 42. Kg1 Bc5 43. Qe5+ Qc7 44. Rd8+ Ka7 45. Qxc7 1-0

[Event "European Rapid Championship 2021"]
[Site "Katowice"]
[Date "2021.12.18"]
[Round "5.17"]
[White "Karolczuk, Iwo"]
[Black "Golubovskis, Maksims"]
[Result "1-0"]
[ECO "A46"]
[WhiteElo "2007"]
[BlackElo "2210"]
[Annotator "NA"]
[PlyCount "135"]
[EventDate "2021.12.18"]
[EventType "swiss"]
[EventCountry "POL"]
[SourceTitle "playchess.com"]
[Source "ChessBase"]
[SourceQuality "1"]
[TimeControl "900+10"]

1. d4 Nf6 2. Nf3 e6 3. e3 b6 4. Bd3 Bb7 5. O-O Be7 6. c4 O-O 7. Nc3 d5 8. cxd5 exd5 9. b3 Ne4 10. Bb2 Nd7 11. Rc1 f5 12. Ne5 Nxe5 13.
dxe5 c5 14. f4 Rc8 15. Nxe4 dxe4 16. Bc4+ Kh8 17. Be6 Rb8 18.
Qxd8 Rbxd8 19. Rfd1 Rd3 20. Bc4 Rfd8 21. Bxd3 exd3 22. Rd2 Kg8 23. Kf2 Kf7 24. Bc3 Ke6 25. Rb1 g5 26. g3 h5 27. Rg1 g4 28.
Ke1 Bf3 29. Rf2 Be4 30. Kd2 Rc8 31. Rc1 Kd5 32. Bb2 b5 33.
Bc3 c4 34. bxc4+ Rxc4 35. Rb1 b4 36. Bd4 Rc2+ 37. Ke1 d2+ 38.
Kd1 Rxa2 39. Rb2 Bf3+ 40. Kxd2 Rxb2+ 41. Bxb2 a5 42. Kc1 a4 43. Rd2+ Ke6 44. Rc2 a3 45. Bd4 b3 46. Rc7 b2+ 47. Bxb2 axb2+ 48. Kxb2 h4 49. Kc3 h3 50. Kd3 Bd8 51. Rc8 Ba5 52. Re8+ Kf7 53.
Rh8 Be1 54. Rh6 Ke7 55. Kd4 Bf2 56. Rh7+ Ke6 57. Rh6+ Ke7 58. Rh7+ Kd8 59. e6 Be1 60. Ke5 Be4 61. Kf6 Bc3+ 62.
Kf7 Bd5 63. Rh5 Ba2 64. Rxf5 Bb4 65. Rb5 Bd6 66. Ra5 Bc4 67. e4 Kc7 68. e5 1-0

[Event "European Rapid Championship 2021"]
[Site "Katowice"]
[Date "2021.12.18"]
[Round "5.18"]
[White "Papasimakopoulos, Alexandros"]
[Black "Karpus, Michal"]
[Result "0-1"]
[ECO "E35"]
[WhiteElo "2274"]
[BlackElo "2185"]
[Annotator "NA"]
[PlyCount "108"]
[EventDate "2021.12.18"]
[EventType "swiss"]
[EventCountry "POL"]
[SourceTitle "playchess.com"]
[Source "ChessBase"]
[SourceQuality "1"]
[TimeControl "900+10"]

1. d4 Nf6 2. c4 e6 3. Nc3 Bb4 4. Qc2 d5 5. cxd5 exd5 6. Bg5 O-O 7. e3 Be6 8. Bd3 h6 9. Bh4 Nbd7 10. Nf3 c5 11. a3 Ba5 12. dxc5 Nxc5 13. Bh7+ Kh8 14. b4 g5 15. Nxg5 hxg5 16. Bxg5 d4 17. Rd1 d3 18. Rxd3 Nxd3+ 19. Bxd3 Rg8 20. h4 Bc7 21. Ne4 Be5 22. Qe2 Bg4 23. f3 Nxe4 24. Bxd8 Bc3+ 25. Kd1 Rgxd8 26. fxg4 Rxd3+ 27. Qxd3 Nf2+ 28. Kc2 Nxd3 29. Kxc3 Ne5 30. g5 Rd8 31. e4 Rd3+ 32. Kc2 Rxa3 33. Rf1 Kg8 34. Rf5 Nc6 35. Kb2 Re3 36. b5 Nd4 37. Re5 Rb3+ 38. Kc1 Rxb5 39. Re8+ Kg7 40. Kd2 Ne6 41. Ra8 a5 42. Ke2 b6 43. Kf3 Rb4 44. Ra7 a4 45. g3 b5 46. e5 Rc4 47. Ra5 Nd4+ 48. Ke3 a3 49. Kd3 Ra4 50. Rxa4 bxa4 51. Kc3 Ne2+ 52. Kc2 Nxg3 53. Kb1 Kg6 54. Ka2 Nf5 0-1

[Event "European Rapid Championship 2021"]
[Site "Katowice"]
[Date "2021.12.18"]
[Round "5.18"]
[White "Walter, Szymon"]
[Black "Gerasimenyuk, Mikhail"]
[Result "1/2-1/2"]
[ECO "B01"]
[WhiteElo "2203"]
[BlackElo "1984"]
[Annotator "NA"]
[PlyCount "47"]
[EventDate "2021.12.18"]
[EventType "swiss"]
[EventCountry "POL"]
[SourceTitle "playchess.com"]
[Source "ChessBase"]
[SourceQuality "1"]
[TimeControl "900+10"]

1. e4 d5 2. exd5 Qxd5 3. Nc3 Qa5 4. d4 Nf6 5. Nf3 Bg4 6. h3 Bf5 7. Ne5 c6 8. g4 Bg6 9. h4 Nbd7 10. Nc4 Qc7 11. h5 Be4 12. Nxe4 Nxe4 13. Qf3 Nd6 14. Bf4 Nb6 15. Ne3 e6 16. c4 Nd7 17. O-O-O Qa5 18. Kb1 Be7 19. Qg3 Ne4 20. Qg2 Nd2+ 21. Ka1 Nb3+ 22. Kb1 Nd2+ 23. Ka1 Nb3+ 24. Kb1 1/2-1/2

[Event "European Rapid Championship 2021"]
[Site "Katowice"]
[Date "2021.12.18"]
[Round "5.19"]
[White "Budrewicz, Krzysztof"]
[Black "Malek, Jan"]
[Result "1-0"]
[ECO "D24"]
[WhiteElo "2281"]
[BlackElo "2029"]
[Annotator "NA"]
[PlyCount "75"]
[EventDate "2021.12.18"]
[EventType "swiss"]
[EventCountry "POL"]
[SourceTitle "playchess.com"]
[Source "ChessBase"]
[SourceQuality "1"]
[TimeControl "900+10"]

1. d4 d5 2. c4 dxc4 3. Nf3 Nf6 4. Nc3 a6 5. e4 b5 6. e5 Nd5 7. a4 Bb7 8. e6 f6 9. Ne4 Ne3 10. Bxe3 Bxe4 11. axb5 axb5 12. Rxa8 Bxa8 13. b3 Bd5 14. bxc4 bxc4 15. Qa4+ c6 16. Bxc4 Bxc4 17. Qxc4 Qa5+ 18. Ke2 Qa6 19. Qxa6 Nxa6 20. Ra1 Nc7 21. d5 cxd5 22. Nd4 g5 23. Rb1 Nxe6 24. Nxe6 Kf7 25. Rb6 Bg7 26. g4 h5 27. h3 hxg4 28. hxg4 Ra8 29. Nxg7 Kxg7 30. Rb7 Ra4 31. Rxe7+ Kf8 32. Bc5 Rc4 33. Rc7+ Ke8 34. Kf3 Kd8 35. Rc6 Kd7 36. Rd6+ Ke7 37. Rxd5+ Ke6 38. Rf5 1-0

[Event "European Rapid Championship 2021"]
[Site "Katowice"]
[Date "2021.12.18"]
[Round "5.19"]
[White "Malicka, Maria"]
[Black "Paszewski, Mateusz"]
[Result "1-0"]
[ECO "B15"]
[WhiteElo "1947"]
[BlackElo "2202"]
[Annotator "NA"]
[PlyCount "121"]
[EventDate "2021.12.18"]
[EventType "swiss"]
[EventCountry "POL"]
[SourceTitle "playchess.com"]
[Source "ChessBase"]
[SourceQuality "1"]
[TimeControl "900+10"]

1. e4 c6 2. d4 d5 3. Nc3 dxe4 4. Nxe4 Nf6 5. Nxf6+ exf6 6. c3 Bd6 7. Bd3 O-O 8. Qc2 Re8+ 9. Ne2 h5 10. O-O h4 11. Nf4 Nd7 12. Qd1 Nf8 13.
Qh5 Qc7 14. g3 Qd7 15. Bd2 Bxf4 16. Bxf4 g5 17. Bd2 Qh3 18. Qf3 Kg7 19. Rfe1 Bg4 20. Qg2 Qxg2+ 21. Kxg2 h3+ 22. Kf1 Rad8 23. Rxe8 Rxe8 24. Re1 Rxe1+ 25. Kxe1 Ne6 26. Be2 Bxe2 27. Kxe2 Kg6 28. Kf3 f5 29. g4 Nc7 30. Kg3 Nd5 31. Kxh3 Nf6 32. gxf5+ Kxf5 33. f3 b5 34. Kg3 a5 35. b3 a4 36. bxa4 bxa4 37.
h3 Nd5 38. Kf2 f6 39. Ke2 Kg6 40. c4 Ne7 41. Kd3 f5 42. Bb4 Ng8 43. d5 cxd5 44. cxd5 Kf6 45. Kd4 Nh6 46. Kc5 g4 47. hxg4 fxg4 48. fxg4 Nxg4 49. Kb5 Ne3 50. d6 Ke6 51. Kxa4 Kd7 52. Kb5 Nf5 53. a4 Ng7 54. Kb6 Ne6 55. a5 Kc8 56. a6 Kb8 57. d7 Nd8 58. Bd6+ Ka8 59.
Bh2 Nf7 60. Bc7 Nd8 61. Bxd8 1-0